3048 views
Uploaded 2020-03-15 02:24:01
Game version 1.32.2
14:36 long 4on4 ladder game on (8)MarketSquare
Saved by Teelo
3048 views
Uploaded 2020-03-15 02:24:01
Game version 1.32.2
14:36 long 4on4 ladder game on (8)MarketSquare

97 units @ 12.1k
/ 0.8k
61 buildings @ 10k
/ 4.3k

| Wisp | 12 | 720 | / | 0 |
| Archer | 4 | 520 | / | 40 |
| Huntress | 3 | 585 | / | 60 |
| total: | 19 | 1825g | / | 100w |
| Ancient Protector | 1 | 135 | / | 80 |
| Moon Well | 5 | 900 | / | 200 |
| Altar of Elders | 1 | 180 | / | 50 |
| Ancient of War | 1 | 150 | / | 60 |
| Hunter's Hall | 1 | 210 | / | 100 |
| Ancient of Wind | 1 | 150 | / | 140 |
| Tree of Ages | 1 | 320 | / | 180 |
| Tree of Eternity | 1 | 330 | / | 200 |
| total: | 10 | 1725g | / | 630w |
| 0:02 | Wisp |
| 0:03 | Wisp |
| 0:03 | Wisp |
| 0:08 | Wisp |
| 0:39 | Moon Well |
| 0:43 | Wisp |
| 0:47 | Altar of Elders |
| 0:50 | Wisp |
| 1:13 | Moon Well |
| 1:36 | Ancient of War |
| 1:37 | Wisp |
| 1:55 | Wisp |
| 2:07 | Moon Well |
| 2:21 | Moon Well |
| 2:23 | Wisp |
| 2:24 | Wisp |
| 2:42 | Wisp |
| 2:46 | Archer |
| 2:47 | Archer |
| 2:56 | Force of Nature |
| 3:09 | Hunter's Hall |
| 3:19 | Wisp |
| 3:47 | Archer |
| 3:48 | Tree of Ages |
| 4:09 | Archer |
| 4:17 | Ancient Protector |
| 5:21 | Huntress |
| 5:39 | Huntress |
| 6:55 | Tree of Eternity |
| 7:01 | Ancient of Wind |
| 7:07 | Moon Well |
| 7:22 | Huntress |
| Right click | 249 |
| Select | 63 |
| Build/train/purchase | 27 |
| Select group | 10 |
| Assign group | 7 |
| Use ability | 3 |

| Periapt of Vitality | 1 | 325 |
| total: | 1 | 325g |
| Wisp | 10 | 600 | / | 0 |
| Huntress | 11 | 2145 | / | 220 |
| total: | 21 | 2745g | / | 220w |
| Moon Well | 8 | 1440 | / | 320 |
| Altar of Elders | 1 | 180 | / | 50 |
| Ancient of War | 2 | 300 | / | 120 |
| Hunter's Hall | 1 | 210 | / | 100 |
| Tree of Ages | 1 | 320 | / | 180 |
| total: | 12 | 2130g | / | 590w |
| 0:25 | Wisp |
| 0:26 | Wisp |
| 0:26 | Wisp |
| 0:26 | Wisp |
| 0:55 | Wisp |
| 0:55 | Wisp |
| 1:01 | Moon Well |
| 1:03 | Moon Well |
| 1:45 | Altar of Elders |
| 2:03 | Ancient of War |
| 2:32 | Hunter's Hall |
| 3:18 | Ancient of War |
| 3:52 | Wisp |
| 3:52 | Wisp |
| 4:21 | Moon Well |
| 4:41 | Immolation |
| 4:51 | Huntress |
| 4:51 | Huntress |
| 5:12 | Moon Well |
| 5:21 | Wisp |
| 5:21 | Wisp |
| 5:42 | Huntress |
| 5:42 | Huntress |
| 5:54 | Moon Well |
| 6:59 | Huntress |
| 6:59 | Huntress |
| 7:52 | Huntress |
| 7:53 | Huntress |
| 8:08 | Mana Burn |
| 10:01 | Evasion |
| 10:25 | Moon Well |
| 10:37 | Strength of the Wild |
| 10:38 | Reinforced Hides |
| 11:08 | Tree of Ages |
| 11:14 | Moon Well |
| 12:08 | Immolation |
| 13:14 | Huntress |
| 13:14 | Huntress |
| 13:14 | Huntress |
| 13:22 | Periapt of Vitality |
| 13:39 | Moon Well |
| Select group | 117 |
| Right click | 92 |
| Select | 76 |
| Build/train/purchase | 34 |
| Chat | 25 |
| Assign group | 8 |
| Esc | 2 |

| Acolyte | 7 | 525 | / | 0 |
| Ghoul | 19 | 2280 | / | 0 |
| Obsidian Statue | 6 | 1200 | / | 210 |
| Frost Wyrm | 1 | 385 | / | 120 |
| Archer | 7 | 910 | / | 70 |
| total: | 40 | 5300g | / | 400w |
| Nerubian Tower | 1 | 100 | / | 20 |
| Ziggurat | 8 | 1200 | / | 400 |
| Altar of Darkness | 1 | 180 | / | 50 |
| Crypt | 1 | 200 | / | 50 |
| Graveyard | 1 | 215 | / | 0 |
| Tomb of Relics | 1 | 130 | / | 30 |
| Sacrificial Pit | 1 | 75 | / | 150 |
| Slaughterhouse | 1 | 140 | / | 135 |
| Boneyard | 1 | 175 | / | 200 |
| Halls of the Dead | 1 | 320 | / | 210 |
| Black Citadel | 1 | 325 | / | 230 |
| Ancient Protector | 5 | 675 | / | 400 |
| total: | 20 | 2990g | / | 1415w |
| 0:05 | Acolyte |
| 0:05 | Acolyte |
| 0:10 | Ziggurat |
| 0:16 | Altar of Darkness |
| 0:38 | Crypt |
| 1:13 | Graveyard |
| 1:41 | Ghoul |
| 1:41 | Ghoul |
| 1:42 | Ghoul |
| 1:52 | Ghoul |
| 1:59 | Ziggurat |
| 2:24 | Ghoul |
| 2:24 | Ghoul |
| 2:29 | Death Coil |
| 2:40 | Ghoul |
| 2:41 | Ghoul |
| 2:57 | Halls of the Dead |
| 3:11 | Ghoul |
| 3:22 | Ghoul |
| 3:38 | Ziggurat |
| 3:49 | Ghoul |
| 4:20 | Ziggurat |
| 4:22 | Ziggurat |
| 5:43 | Ghoul |
| 5:44 | Ghoul |
| 5:44 | Ghoul |
| 5:44 | Ghoul |
| 5:46 | Black Citadel |
| 6:09 | Unholy Aura |
| 6:36 | Ghoul |
| 6:37 | Ghoul |
| 6:37 | Ghoul |
| 6:37 | Ghoul |
| 6:59 | Sacrificial Pit |
| 7:04 | Slaughterhouse |
| 7:17 | Tomb of Relics |
| 7:22 | Ziggurat |
| 8:06 | Ancient Protector |
| 8:11 | Ancient Protector |
| 8:19 | Ancient Protector |
| 8:25 | Ancient Protector |
| 8:31 | Ancient Protector |
| 8:34 | Archer |
| 8:34 | Archer |
| 8:34 | Archer |
| 8:34 | Archer |
| 8:38 | Archer |
| 8:38 | Archer |
| 8:39 | Archer |
| 9:02 | Boneyard |
| 9:06 | Acolyte |
| 9:06 | Acolyte |
| 9:06 | Acolyte |
| 9:09 | Acolyte |
| 9:10 | Acolyte |
| 9:20 | Destroyer Form |
| 9:20 | Obsidian Statue |
| 9:20 | Obsidian Statue |
| 9:21 | Obsidian Statue |
| 9:59 | Ziggurat |
| 10:03 | Ziggurat |
| 11:11 | Obsidian Statue |
| 11:11 | Obsidian Statue |
| 11:11 | Obsidian Statue |
| 11:19 | Freezing Breath |
| 11:23 | Frost Wyrm |
| 12:30 | Nerubian Tower |
| 13:07 | Creature Carapace |
| Right click | 171 |
| Select | 120 |
| Build/train/purchase | 52 |
| Misc. action | 13 |
| Use ability | 10 |
| Remove unit | 4 |



| Healing Salve | 1 | 100 |
| Scroll of Speed | 2 | 100 |
| Orb of Lightning | 1 | 375 |
| Potion of Healing | 1 | 150 |
| Scroll of Healing | 1 | 250 |
| Circlet of Nobility | 1 | 175 |
| Potion of Lesser Invulnerability | 1 | 150 |
| Boots of Speed | 1 | 250 |
| total: | 9 | 1550g |
| Peon | 7 | 525 | / | 0 |
| Grunt | 5 | 1000 | / | 0 |
| Spirit Walker | 1 | 195 | / | 35 |
| Tauren | 1 | 280 | / | 80 |
| Wisp | 3 | 180 | / | 0 |
| total: | 17 | 2180g | / | 115w |
| Altar of Storms | 1 | 180 | / | 50 |
| Orc Burrow | 5 | 800 | / | 200 |
| Barracks | 1 | 180 | / | 50 |
| Voodoo Lounge | 1 | 130 | / | 30 |
| War Mill | 1 | 205 | / | 0 |
| Great Hall | 1 | 385 | / | 185 |
| Tauren Totem | 2 | 270 | / | 310 |
| Stronghold | 1 | 315 | / | 190 |
| Fortress | 1 | 325 | / | 190 |
| Ancient of War | 1 | 150 | / | 60 |
| Moon Well | 1 | 180 | / | 40 |
| Ancient of Wonders | 1 | 90 | / | 30 |
| Ancient of Wind | 1 | 150 | / | 140 |
| Chimaera Roost | 3 | 420 | / | 570 |
| total: | 19 | 3140g | / | 1665w |
| 0:03 | Peon |
| 0:04 | Peon |
| 0:06 | Altar of Storms |
| 0:17 | Orc Burrow |
| 0:34 | Peon |
| 0:36 | Barracks |
| 0:44 | Peon |
| 1:00 | Peon |
| 1:22 | Peon |
| 1:24 | Voodoo Lounge |
| 1:36 | Grunt |
| 1:42 | Peon |
| 2:04 | Wind Walk |
| 2:40 | Stronghold |
| 2:51 | Circlet of Nobility |
| 3:14 | Orc Burrow |
| 3:17 | Orc Burrow |
| 3:21 | Critical Strike |
| 3:47 | War Mill |
| 4:18 | Grunt |
| 4:28 | Grunt |
| 5:11 | Fortress |
| 5:29 | Tauren Totem |
| 5:35 | Wind Walk |
| 6:08 | Healing Salve |
| 6:08 | Scroll of Speed |
| 6:10 | Orc Burrow |
| 6:22 | Hex |
| 6:25 | Grunt |
| 6:38 | Reinforced Defenses |
| 7:07 | Spirit Walker |
| 7:15 | Berserker Strength |
| 7:23 | Spirit Walker Adept Training |
| 7:40 | Grunt |
| 7:59 | Healing Wave |
| 8:21 | Tauren Totem |
| 9:08 | Critical Strike |
| 9:25 | Orb of Lightning |
| 9:25 | Potion of Healing |
| 9:26 | Scroll of Speed |
| 9:59 | War Stomp |
| 10:04 | Great Hall |
| 10:28 | Pillage |
| 10:39 | Steel Armor |
| 10:45 | Orc Burrow |
| 11:43 | Pulverize |
| 11:45 | Spirit Walker Master Training |
| 11:50 | Thorns Aura |
| 11:52 | Ancient of War |
| 11:53 | Ancient of Wind |
| 11:59 | Moon Well |
| 12:01 | Wisp |
| 12:01 | Wisp |
| 12:01 | Wisp |
| 12:03 | Ancient of Wonders |
| 12:25 | Potion of Lesser Invulnerability |
| 12:25 | Scroll of Healing |
| 12:28 | Boots of Speed |
| 12:41 | Tauren |
| 12:59 | Thorium Armor |
| 13:12 | Chimaera Roost |
| 13:13 | Chimaera Roost |
| 13:13 | Chimaera Roost |
| 13:48 | Death Coil |
| 14:05 | Healing Wave |
| 14:08 | Endurance Aura |
| Select group | 1284 |
| Right click | 1207 |
| Select | 156 |
| Build/train/purchase | 90 |
| Assign group | 38 |
| Chat | 35 |
| Use ability | 30 |
| Item give/drop | 6 |
| Esc | 3 |
| Minimap ping | 3 |
119 units @ 14.6k
/ 1.7k
64 buildings @ 9.4k
/ 4.1k


| Scroll of Regeneration | 1 | 100 |
| total: | 1 | 100g |
| Peasant | 10 | 750 | / | 0 |
| Footman | 2 | 270 | / | 0 |
| Rifleman | 9 | 1845 | / | 270 |
| Mortar Team | 4 | 720 | / | 280 |
| total: | 25 | 3585g | / | 550w |
| Scout Tower | 6 | 180 | / | 120 |
| Guard Tower | 5 | 350 | / | 250 |
| Arcane Tower | 1 | 70 | / | 50 |
| Farm | 8 | 640 | / | 160 |
| Lumber Mill | 1 | 120 | / | 0 |
| Altar of Kings | 1 | 180 | / | 50 |
| Barracks | 1 | 160 | / | 60 |
| Blacksmith | 1 | 140 | / | 60 |
| Arcane Vault | 1 | 130 | / | 30 |
| Town Hall | 1 | 385 | / | 205 |
| Workshop | 1 | 140 | / | 140 |
| Keep | 1 | 320 | / | 210 |
| Castle | 1 | 360 | / | 210 |
| total: | 21 | 2075g | / | 825w |
| 0:03 | Peasant |
| 0:03 | Peasant |
| 0:03 | Peasant |
| 0:13 | Farm |
| 0:21 | Peasant |
| 0:37 | Lumber Mill |
| 0:41 | Peasant |
| 0:41 | Peasant |
| 0:51 | Altar of Kings |
| 1:01 | Barracks |
| 1:04 | Peasant |
| 1:15 | Farm |
| 1:21 | Peasant |
| 1:38 | Peasant |
| 2:01 | Scout Tower |
| 2:06 | Scout Tower |
| 2:11 | Footman |
| 2:13 | Peasant |
| 2:18 | Farm |
| 2:22 | Improved Masonry |
| 2:40 | Guard Tower |
| 2:48 | Guard Tower |
| 3:02 | Scout Tower |
| 3:08 | Scout Tower |
| 3:11 | Footman |
| 3:22 | Blacksmith |
| 3:25 | Storm Bolt |
| 3:33 | Guard Tower |
| 3:38 | Arcane Tower |
| 3:42 | Scout Tower |
| 4:07 | Keep |
| 4:17 | Guard Tower |
| 4:21 | Scout Tower |
| 4:37 | Arcane Vault |
| 4:41 | Rifleman |
| 4:48 | Guard Tower |
| 4:59 | Rifleman |
| 5:08 | Black Gunpowder |
| 5:32 | Rifleman |
| 6:15 | Farm |
| 6:41 | Castle |
| 6:49 | Refined Gunpowder |
| 6:55 | Workshop |
| 6:59 | Bash |
| 7:14 | Farm |
| 8:25 | Town Hall |
| 8:55 | Scroll of Regeneration |
| 9:05 | Mortar Team |
| 9:10 | Long Rifles |
| 9:16 | Holy Light |
| 9:32 | Rifleman |
| 10:07 | Storm Bolt |
| 10:35 | Devotion Aura |
| 10:48 | Advanced Masonry |
| 11:46 | Mortar Team |
| 11:48 | Rifleman |
| 11:48 | Rifleman |
| 11:48 | Rifleman |
| 11:53 | Farm |
| 11:58 | Improved Lumber Harvesting |
| 13:01 | Farm |
| 13:04 | Fragmentation Shards |
| 13:04 | Mortar Team |
| 13:49 | Holy Light |
| 13:55 | Farm |
| 13:58 | Mortar Team |
| 14:01 | Rifleman |
| 14:01 | Rifleman |
| 14:04 | Imbued Gunpowder |
| 14:05 | Studded Leather Armor |
| 14:26 | Bash |
| Right click | 807 |
| Select | 233 |
| Build/train/purchase | 55 |
| Use ability | 15 |
| Chat | 13 |
| Minimap ping | 10 |
| Misc. action | 3 |
| Item give/drop | 1 |


| Scroll of Town Portal | 1 | 350 |
| Potion of Lesser Invulnerability | 1 | 150 |
| total: | 2 | 500g |
| Wisp | 17 | 1020 | / | 0 |
| Archer | 20 | 2600 | / | 200 |
| total: | 37 | 3620g | / | 200w |
| Altar of Elders | 1 | 180 | / | 50 |
| Moon Well | 4 | 720 | / | 160 |
| Ancient of War | 1 | 150 | / | 60 |
| Hunter's Hall | 1 | 210 | / | 100 |
| Ancient of Wonders | 1 | 90 | / | 30 |
| Tree of Life | 1 | 340 | / | 185 |
| Ancient of Wind | 1 | 150 | / | 140 |
| Tree of Ages | 1 | 320 | / | 180 |
| Tree of Eternity | 1 | 330 | / | 200 |
| total: | 10 | 1840g | / | 725w |
| 0:05 | Wisp |
| 0:05 | Wisp |
| 0:17 | Altar of Elders |
| 0:21 | Moon Well |
| 0:25 | Ancient of War |
| 0:28 | Wisp |
| 1:07 | Wisp |
| 1:07 | Wisp |
| 1:07 | Wisp |
| 1:27 | Archer |
| 1:42 | Archer |
| 1:53 | Wisp |
| 2:09 | Moon Well |
| 2:29 | Searing Arrows |
| 2:47 | Tree of Ages |
| 2:59 | Moon Well |
| 3:09 | Archer |
| 3:26 | Archer |
| 3:37 | Archer |
| 3:55 | Hunter's Hall |
| 4:06 | Trueshot Aura |
| 4:28 | Archer |
| 5:03 | Moon Well |
| 5:05 | Ultravision |
| 5:25 | Archer |
| 5:26 | Tree of Eternity |
| 5:41 | Improved Bows |
| 5:56 | Strength of the Moon |
| 6:18 | Trueshot Aura |
| 6:47 | Archer |
| 6:47 | Archer |
| 7:14 | Improved Strength of the Moon |
| 7:59 | Archer |
| 7:59 | Archer |
| 7:59 | Archer |
| 8:02 | Wisp |
| 8:02 | Wisp |
| 8:02 | Wisp |
| 8:24 | Moon Armor |
| 8:25 | Marksmanship |
| 8:30 | Ancient of Wonders |
| 8:32 | Wisp |
| 8:32 | Wisp |
| 8:32 | Wisp |
| 9:29 | Scroll of Town Portal |
| 9:38 | Advanced Strength of the Moon |
| 9:40 | Wisp |
| 9:40 | Wisp |
| 9:40 | Wisp |
| 9:47 | Archer |
| 9:47 | Archer |
| 10:04 | Searing Arrows |
| 10:18 | Entangling Roots |
| 10:45 | Improved Moon Armor |
| 10:47 | Wisp |
| 11:34 | Tree of Life |
| 11:56 | Archer |
| 11:56 | Archer |
| 11:56 | Archer |
| 11:56 | Archer |
| 12:01 | Ancient of Wind |
| 12:09 | Thorns Aura |
| 12:45 | Potion of Lesser Invulnerability |
| 12:53 | Archer |
| 12:53 | Archer |
| 12:55 | Advanced Moon Armor |
| 14:19 | Trueshot Aura |
| Right click | 359 |
| Select group | 274 |
| Select | 220 |
| Build/train/purchase | 60 |
| Assign group | 49 |
| Use ability | 12 |
| Minimap ping | 2 |
| Item give/drop | 1 |
| Esc | 1 |

| Rod of Necromancy | 2 | 300 |
| Dust of Appearance | 1 | 75 |
| total: | 3 | 375g |
| Acolyte | 9 | 675 | / | 0 |
| Ghoul | 10 | 1200 | / | 0 |
| Obsidian Statue | 2 | 400 | / | 70 |
| Abomination | 5 | 1200 | / | 350 |
| Frost Wyrm | 3 | 1155 | / | 360 |
| total: | 29 | 4630g | / | 780w |
| Nerubian Tower | 1 | 100 | / | 20 |
| Spirit Tower | 5 | 725 | / | 200 |
| Altar of Darkness | 1 | 180 | / | 50 |
| Ziggurat | 8 | 1200 | / | 400 |
| Crypt | 1 | 200 | / | 50 |
| Tomb of Relics | 1 | 130 | / | 30 |
| Graveyard | 1 | 215 | / | 0 |
| Slaughterhouse | 2 | 280 | / | 270 |
| Sacrificial Pit | 1 | 75 | / | 150 |
| Boneyard | 2 | 350 | / | 400 |
| Halls of the Dead | 1 | 320 | / | 210 |
| Black Citadel | 1 | 325 | / | 230 |
| total: | 17 | 2630g | / | 1350w |
| 0:03 | Acolyte |
| 0:03 | Acolyte |
| 0:08 | Altar of Darkness |
| 0:16 | Ziggurat |
| 0:34 | Crypt |
| 0:49 | Tomb of Relics |
| 1:11 | Nerubian Tower |
| 1:26 | Graveyard |
| 1:31 | Acolyte |
| 1:38 | Ghoul |
| 1:49 | Ghoul |
| 1:59 | Ghoul |
| 2:14 | Ziggurat |
| 2:18 | Carrion Swarm |
| 2:32 | Rod of Necromancy |
| 2:42 | Ghoul |
| 2:56 | Unholy Strength |
| 3:14 | Spirit Tower |
| 3:35 | Ghoul |
| 3:38 | Halls of the Dead |
| 3:57 | Ghoul |
| 4:04 | Vampiric Aura |
| 4:10 | Ziggurat |
| 4:30 | Unholy Armor |
| 4:40 | Ghoul |
| 4:41 | Cannibalize |
| 5:05 | Spirit Tower |
| 5:06 | Ziggurat |
| 5:39 | Ghoul |
| 6:12 | Acolyte |
| 6:12 | Acolyte |
| 6:18 | Slaughterhouse |
| 6:19 | Slaughterhouse |
| 6:22 | Vampiric Aura |
| 6:33 | Spirit Tower |
| 6:37 | Acolyte |
| 6:37 | Acolyte |
| 6:37 | Acolyte |
| 7:22 | Improved Unholy Strength |
| 7:38 | Dust of Appearance |
| 7:41 | Rod of Necromancy |
| 8:19 | Black Citadel |
| 8:24 | Sacrificial Pit |
| 8:42 | Obsidian Statue |
| 9:24 | Improved Unholy Armor |
| 9:25 | Obsidian Statue |
| 10:19 | Ziggurat |
| 10:20 | Ziggurat |
| 10:20 | Ziggurat |
| 10:21 | Ziggurat |
| 10:47 | Boneyard |
| 10:48 | Boneyard |
| 10:50 | Creature Attack |
| 10:51 | Creature Carapace |
| 10:52 | Ghoul |
| 10:52 | Ghoul |
| 11:14 | Abomination |
| 11:19 | Acolyte |
| 11:22 | Spirit Tower |
| 11:39 | Spirit Tower |
| 11:55 | Abomination |
| 11:56 | Abomination |
| 12:27 | Frost Wyrm |
| 12:30 | Frost Wyrm |
| 12:30 | Frost Wyrm |
| 12:59 | Abomination |
| 13:00 | Abomination |
| 13:47 | Carrion Swarm |
| 14:09 | Advanced Unholy Strength |
| 14:09 | Advanced Unholy Armor |
| Select group | 329 |
| Chat | 253 |
| Right click | 155 |
| Select | 133 |
| Assign group | 93 |
| Misc. action | 91 |
| Build/train/purchase | 79 |
| Use ability | 15 |
| Minimap ping | 3 |
| Esc | 2 |


| Scroll of Healing | 1 | 250 |
| Scroll of Protection | 1 | 150 |
| total: | 2 | 400g |
| Wisp | 14 | 840 | / | 0 |
| Archer | 10 | 1300 | / | 100 |
| Faerie Dragon | 2 | 310 | / | 50 |
| Druid of the Talon | 2 | 290 | / | 40 |
| total: | 28 | 2740g | / | 190w |
| Ancient Protector | 1 | 135 | / | 80 |
| Ancient of War | 1 | 150 | / | 60 |
| Altar of Elders | 1 | 180 | / | 50 |
| Moon Well | 7 | 1260 | / | 280 |
| Hunter's Hall | 1 | 210 | / | 100 |
| Ancient of Wonders | 1 | 90 | / | 30 |
| Tree of Life | 1 | 340 | / | 185 |
| Ancient of Wind | 1 | 150 | / | 140 |
| Ancient of Lore | 2 | 310 | / | 290 |
| Tree of Ages | 1 | 320 | / | 180 |
| Tree of Eternity | 1 | 330 | / | 200 |
| total: | 16 | 2825g | / | 1215w |
| 0:02 | Wisp |
| 0:02 | Wisp |
| 0:08 | Ancient of War |
| 0:18 | Altar of Elders |
| 0:22 | Wisp |
| 0:27 | Moon Well |
| 0:42 | Wisp |
| 0:48 | Wisp |
| 1:06 | Wisp |
| 1:20 | Archer |
| 1:25 | Wisp |
| 1:37 | Archer |
| 1:39 | Moon Well |
| 2:19 | Hunter's Hall |
| 2:24 | Trueshot Aura |
| 2:37 | Archer |
| 2:39 | Wisp |
| 2:39 | Wisp |
| 2:53 | Archer |
| 3:03 | Moon Well |
| 3:25 | Archer |
| 3:29 | Wisp |
| 3:54 | Tree of Ages |
| 4:04 | Archer |
| 4:06 | Scout |
| 4:36 | Archer |
| 4:39 | Ultravision |
| 4:39 | Strength of the Moon |
| 4:50 | Archer |
| 4:58 | Ancient of Wonders |
| 5:06 | Moon Well |
| 6:03 | Archer |
| 6:15 | Moon Well |
| 6:27 | Archer |
| 6:28 | Improved Bows |
| 6:55 | Trueshot Aura |
| 7:20 | Ancient of Wind |
| 7:22 | Wisp |
| 7:27 | Ancient of Lore |
| 7:46 | Entangling Roots |
| 7:47 | Tree of Eternity |
| 8:16 | Improved Strength of the Moon |
| 8:40 | Faerie Dragon |
| 8:40 | Faerie Dragon |
| 9:46 | Thorns Aura |
| 10:30 | Druid of the Talon |
| 10:31 | Druid of the Talon |
| 10:32 | Hardened Skin |
| 10:33 | Resistant Skin |
| 10:42 | Ancient of Lore |
| 10:46 | Wisp |
| 10:58 | Ancient Protector |
| 11:18 | Marksmanship |
| 11:22 | Wisp |
| 11:51 | Druid of the Talon Adept Training |
| 12:18 | Moon Well |
| 12:20 | Moon Well |
| 12:30 | Tree of Life |
| 12:46 | Scroll of Healing |
| 12:46 | Scroll of Protection |
| 12:57 | Wisp |
| 13:27 | Searing Arrows |
| 14:14 | Advanced Strength of the Moon |
| Right click | 545 |
| Select group | 472 |
| Select | 168 |
| Build/train/purchase | 64 |
| Assign group | 27 |
| Misc. action | 8 |
| Use ability | 5 |
| Minimap ping | 1 |
⇛